 Dungeon Crawl Stone Soup version 0.21.0-3-g78d12a8 (webtiles) character file.

16216 Dfrag the Thaumaturge (level 12, -1/91 HPs)
             Began as a Gnoll Fire Elementalist on Jan 8, 2018.
             Was a High Priest of Okawaru.
             Slain by a cyclops (26 damage)
             ... on level 12 of the Dungeon.
             The game lasted 00:33:06 (11281 turns).

Dfrag the Thaumaturge (Gnoll Fire Elementalist)    Turns: 11281, Time: 00:33:07

Health: -1/91      AC:  8    Str: 12    XL:     12   Next: 35%
Magic:  10/27      EV: 18    Int: 21    God:    Okawaru [*****.]
Gold:   468        SH:  0    Dex: 16    Spells: 15/28 levels left

rFire    + . .     SeeInvis +   H - +5 quarterstaff of Brawl {crush, rN+}
rCold    + . .     Gourm    .   (shield currently unavailable)
rNeg     + + .     Faith    .   g - +1 robe {rC+ rF+}
rPois    .         Spirit   .   O - +0 hat of the Pits of Slime {rN+}
rElec    .         Reflect  .   l - +0 cloak
rCorr    .         Harm     .   L - +1 pair of gloves
MR       .....                  s - +0 pair of boots
Stlth    ++++......             e - amulet of rage
HPRegen  0.25/turn              J - ring of see invisible
MPRegen  0.20/turn              a - ring of flight

@: no status effects
A: distributed training, fangs 1, talons 1, high mp 1, strong nose
a: Heroism, Finesse, Renounce Religion, Evoke Berserk Rage, Evoke Flight


You were on level 12 of the Dungeon.
You worshipped Okawaru.
Okawaru was extremely pleased with you.
You were hungry.

You visited 1 branch of the dungeon, and saw 12 of its levels.

You collected 468 gold pieces.

Inventory:

Hand Weapons
 H - the +5 quarterstaff of Brawl (weapon) {crush, rN+}
   (You found it on level 6 of the Dungeon)

   It inflicts extra damage upon your enemies.
   It protects you from negative energy.
Missiles
 D - 3 javelins of penetration (quivered)
Armour
 g - a +1 robe of resistance (worn)
 l - a +0 cloak (worn)
 r - a +1 troll leather armour {Snorg}
 s - a +0 pair of boots (worn)
 L - a +1 pair of gloves (worn)
 O - the +0 hat of the Pits of Slime (worn) {rN+}
   (Okawaru gifted it to you on level 9 of the Dungeon)

   It protects you from negative energy.
Magical Staves
 F - an uncursed staff of energy
Jewellery
 a - a ring of flight (right hand)
 e - an amulet of rage (around neck)
 J - a ring of see invisible (left hand)
Wands
 i - a wand of enslavement (41)
 z - a wand of polymorph (40)
 C - a wand of iceblast (6)
 G - a wand of acid (16)
 N - a wand of random effects (40)
Scrolls
 d - 2 scrolls of blinking {unknown}
 f - 5 scrolls of remove curse
 h - 5 scrolls of teleportation
 j - 2 scrolls of amnesia
 k - 2 scrolls of identify
 q - a scroll of noise {unknown}
 u - 2 scrolls of enchant weapon
 x - a scroll of fog {unknown}
 y - a scroll of immolation {unknown}
 A - 3 scrolls of magic mapping
 B - 3 scrolls of fear
 M - a scroll of vulnerability {unknown}
 U - a scroll of random uselessness {unknown}
 V - a scroll of summoning {unknown}
Potions
 m - a potion of brilliance {unknown}
 n - 2 potions of haste
 o - a potion of berserk rage
 p - a potion of mutation
 t - 3 potions of curing
 v - a potion of heal wounds
 w - a potion of invisibility {unknown}
 E - 2 potions of degeneration {unknown}
 I - a potion of ambrosia {unknown}
 K - a potion of magic {unknown}
 Q - 2 potions of flight {unknown}
 R - a potion of cancellation {unknown}
 S - 2 potions of agility {unknown}
Books
 b - a book of Flames

   Spells                             Type                      Level
   a - Flame Tongue                   Conjuration/Fire             1
   b - Throw Flame                    Conjuration/Fire             2
   c - Conjure Flame                  Conjuration/Fire             3
   d - Inner Flame                    Hexes/Fire                   3
   e - Sticky Flame                   Conjuration/Fire             4
   f - Fireball                       Conjuration/Fire             5
 P - a book of Callings

   Spells                             Type                      Level
   a - Summon Small Mammal            Summoning                    1
   b - Call Imp                       Summoning                    2
   c - Call Canine Familiar           Summoning                    3
   d - Summon Guardian Golem          Hexes/Summoning              3
   e - Summon Lightning Spire         Summoning/Air                4
   f - Summon Ice Beast               Ice/Summoning                4
 W - a book of Party Tricks

   Spells                             Type                      Level
   a - Summon Butterflies             Summoning                    1
   b - Apportation                    Translocation                1
   c - Lesser Beckoning               Translocation                3
   d - Tukima's Dance                 Hexes                        3
   e - Alistair's Intoxication        Transmutation/Poison         5
   f - Invisibility                   Hexes                        6
Comestibles
 c - 26 rations


   Skills:
 + Level 7.1 Fighting
 + Level 7.1 Short Blades
 + Level 7.1 Long Blades
 + Level 7.1 Axes
 + Level 7.1 Maces & Flails
 + Level 7.1 Polearms
 + Level 7.1 Staves
 + Level 7.1 Slings
 + Level 7.1 Bows
 + Level 7.1 Crossbows
 + Level 7.1 Throwing
 + Level 7.1 Armour
 + Level 8.5 Dodging
 + Level 8.3 Stealth
 + Level 7.1 Shields
 + Level 7.1 Unarmed Combat
 + Level 8.8 Spellcasting
 + Level 6.3 Conjurations
 + Level 5.9 Hexes
 + Level 5.9 Charms
 + Level 5.9 Summonings
 + Level 5.9 Necromancy
 + Level 5.9 Translocations
 + Level 5.9 Transmutations
 + Level 8.1 Fire Magic
 + Level 5.9 Ice Magic
 + Level 5.9 Air Magic
 + Level 5.9 Earth Magic
 + Level 5.9 Poison Magic
 + Level 7.7 Invocations
 + Level 7.1 Evocations


You had 15 spell levels left.
You knew the following spells:

 Your Spells              Type           Power        Failure   Level  Hunger
a - Flame Tongue          Conj/Fire      #####        1%          1    None
b - Conjure Flame         Conj/Fire      #####...     1%          3    None
c - Sticky Flame          Conj/Fire      #####...     3%          4    ###....
d - Fireball              Conj/Fire      #####.....   11%         5    #####..


Dungeon Overview and Level Annotations

Branches:
Dungeon (12/15)            Temple (0/1) D:4            Lair (0/6) D:9
    Orc: D:9-12

Altars:
Ashenzari
Cheibriados
Dithmenos
Elyvilon
Fedhas
Gozag
Hepliaklqana
Makhleb
Nemelex Xobeh
Okawaru
Qazlal
Ru
Sif Muna
Trog
Vehumet
Wu Jian
Yredelemnul
The Shining One

Shops:
D:10 :

Portals:
Trove: D:10 (give +8 demon blade)

Annotations:
D:9 1 transporter


Innate Abilities, Weirdness & Mutations

Your experience applies equally to all skills.
You have very sharp teeth.
Your uncanny sense of smell can sniff out nearby items.
You have sharp toenails.
You have an increased reservoir of magic. (+10% MP)


Message History

The cyclops is moderately wounded.
The cyclops burns!
The cyclops completely misses you.
You hit the cyclops.
The cyclops is heavily wounded.
The cyclops burns!
Unknown command.
You hit the cyclops.
The cyclops is heavily wounded.
The cyclops burns!
The cyclops stops burning.
The cyclops hits you!!
* * * LOW HITPOINT WARNING * * *
Casting: Sticky Flame
Confirm with . or Enter, or press ? or * to list all spells.
Aiming: Sticky Flame
Press: ? - help, Shift-Dir - straight line, f/p - cyclops
Aim: a cyclops (severely wounded)
The sticky flame hits the cyclops.
The cyclops appears unharmed.
The cyclops is severely wounded.
The cyclops is covered in liquid flames!
The cyclops burns!
The cyclops hits you!!
You die...

#
#.####
#.YC.#
#@#
#.#
#.#
#.# ∆
#.#
#.#
#<#
#.#
#.#


You could see a cyclops (burning) and a yak.

Vanquished Creatures
  Snorg (D:11)
  A two-headed ogre (D:9)
  3 unseen horrors
  A cyclops (D:11)
  Joseph (D:8)
  A centaur zombie (D:11)
  2 gargoyles (D:11)
  Maurice (D:7)
  Psyche (D:11)
  3 trolls
  Prince Ribbit (D:9)
  3 hippogriffs
  Sigmund (D:3)
  13 yaks
  3 hogs (D:7)
  A human (D:7)
  A hungry ghost (D:8)
  Eustachio (D:4)
  4 vampire mosquitoes (D:9)
  Grum (D:8)
  A hell hound (D:9)
  A water moccasin (D:10)
  Duvessa (D:7)
  2 orc warriors
  An eye of draining (D:7)
  2 sky beasts
  2 ogres
  4 ice beasts
  A phantom (D:8)
  6 centaurs
  3 wolves
  2 big kobolds
  12 bullfrogs
  A gnoll sergeant (D:7)
  Dowan (D:7)
  6 scorpions
  A water moccasin skeleton (D:5)
  13 killer bees
  9 wights
  An electric eel (D:11)
  A howler monkey (D:5)
  2 crimson imps
  A bullfrog zombie (D:10)
  2 bullfrog skeletons
  9 orc priests
  Crazy Yiuf (D:7)
  2 jellies
  2 quasits
  A hound (D:5)
  8 orc wizards
  4 iguanas
  6 worker ants
  2 killer bee zombies (D:7)
  2 hound zombies
  2 hound skeletons
  A mummy (D:9)
  4 worker ant zombies
  7 gnolls
  A howler monkey skeleton (D:5)
  12 adders
  3 shadow imps
  An ooze (D:5)
  An adder zombie (D:5)
  3 adder skeletons
  2 worms
  6 leopard geckos
  46 orcs
  7 giant cockroaches
  7 goblins
  14 hobgoblins
  13 jackals
  3 quokkas
  2 ball pythons
  6 bats
  2 frilled lizards
  A goblin skeleton (D:7)
  2 goblin zombies (D:7)
  3 hobgoblin zombies (D:7)
  14 kobolds
  A kobold skeleton (D:7)
  An orc skeleton (D:7)
  2 orc zombies (D:7)
  A quokka skeleton (D:5)
  4 rats
329 creatures vanquished.

Vanquished Creatures (others)
  2 orcs (D:11)
  A fungus (D:4)
3 creatures vanquished.

Grand Total: 332 creatures vanquished

Notes
Turn   | Place    | Note
-------+----------+-------------------------------------------
     0 | D:1      | Dfrag the Gnoll Fire Elementalist began the quest for the Orb.
     0 | D:1      | Reached XP level 1. HP: 13/13 MP: 6/6
   103 | D:1      | Reached XP level 2. HP: 19/19 MP: 2/7
   289 | D:1      | Reached XP level 3. HP: 12/25 MP: 0/9
   322 | D:1      | Reached skill level 5 in Spellcasting
   395 | D:1      | Found an iron altar of Okawaru.
   411 | D:1      | Became a worshipper of Warmaster Okawaru
   853 | D:2      | Found a white marble altar of Elyvilon.
   903 | D:2      | Reached skill level 1 in Invocations
   943 | D:2      | Found a radiant altar of Vehumet.
  1603 | D:3      | Reached skill level 1 in Fighting
  1603 | D:3      | Reached skill level 1 in Short Blades
  1603 | D:3      | Reached skill level 1 in Long Blades
  1603 | D:3      | Reached skill level 1 in Axes
  1603 | D:3      | Reached skill level 1 in Maces & Flails
  1603 | D:3      | Reached skill level 1 in Polearms
  1603 | D:3      | Reached skill level 1 in Staves
  1603 | D:3      | Reached skill level 1 in Slings
  1603 | D:3      | Reached skill level 1 in Bows
  1603 | D:3      | Reached skill level 1 in Crossbows
  1603 | D:3      | Reached skill level 1 in Throwing
  1603 | D:3      | Reached skill level 1 in Armour
  1603 | D:3      | Reached skill level 1 in Shields
  1603 | D:3      | Reached skill level 1 in Unarmed Combat
  1603 | D:3      | Reached skill level 1 in Evocations
  1603 | D:3      | Reached XP level 4. HP: 29/32 MP: 4/11
  1666 | D:3      | Found a hazy altar of Hepliaklqana.
  1926 | D:3      | Found a basalt altar of Yredelemnul.
  1976 | D:3      | Reached skill level 1 in Hexes
  1976 | D:3      | Reached skill level 1 in Charms
  1976 | D:3      | Reached skill level 1 in Summonings
  1976 | D:3      | Reached skill level 1 in Necromancy
  1976 | D:3      | Reached skill level 1 in Translocations
  1976 | D:3      | Reached skill level 1 in Transmutations
  1976 | D:3      | Reached skill level 1 in Ice Magic
  1976 | D:3      | Reached skill level 1 in Air Magic
  1976 | D:3      | Reached skill level 1 in Earth Magic
  1976 | D:3      | Reached skill level 1 in Poison Magic
  1985 | D:3      | Noticed Sigmund
  1992 | D:3      | Learned a level 4 spell: Sticky Flame
  1996 | D:3      | Learned a level 3 spell: Conjure Flame
  2011 | D:3      | Killed Sigmund
  2011 | D:3      | Reached * piety under Okawaru
  2011 | D:3      | Reached XP level 5. HP: 28/38 MP: 1/12
  2011 | D:3      | Reached XP level 6. HP: 33/44 MP: 1/13
  2135 | D:3      | Found a sacrificial altar of Ru.
  2183 | D:4      | Noticed Eustachio
  2341 | D:4      | Killed Eustachio
  2341 | D:4      | Reached skill level 5 in Dodging
  2464 | D:4      | Found an opulent altar of Gozag.
  2549 | D:4      | Found a shadowy altar of Dithmenos.
  2605 | D:4      | Found a staircase to the Ecumenical Temple.
  2728 | D:4      | Found an ornate altar of the Wu Jian Council.
  2778 | D:5      | Entered Level 5 of the Dungeon
  2800 | D:5      | Reached XP level 7. HP: 42/50 MP: 15/15
  3098 | D:5      | Reached ** piety under Okawaru
  3227 | D:5      | Found a sacrificial altar of Ru.
  3411 | D:5      | Reached skill level 5 in Stealth
  3924 | D:5      | Reached XP level 8. HP: 36/57 MP: 1/16
  4434 | D:6      | Got a crude quarterstaff
  4436 | D:6      | Identified the +5 quarterstaff of Brawl {crush, rN+} (You found it on level 6 of the Dungeon)
  4803 | D:7      | Found a glowing golden altar of the Shining One.
  4811 | D:7      | Noticed Duvessa
  4817 | D:7      | Reached *** piety under Okawaru
  4840 | D:7      | Noticed Dowan
  4844 | D:7      | Killed Duvessa
  4863 | D:7      | Killed Dowan
  4953 | D:7      | Reached XP level 9. HP: 63/65 MP: 6/18
  5400 | D:7      | Noticed an unseen horror
  5403 | D:7      | Killed an unseen horror
  5403 | D:7      | Reached **** piety under Okawaru
  5403 | D:7      | Received a gift from Okawaru
  5488 | D:7      | Found a sparkling altar of Nemelex Xobeh.
  5784 | D:7      | Found a runed door.
  5893 | D:7      | Reached skill level 5 in Invocations
  5907 | D:7      | Reached XP level 10. HP: 35/73 MP: 7/20
  6025 | D:7      | Noticed Crazy Yiuf
  6032 | D:7      | Killed Crazy Yiuf
  6105 | D:7      | Found a bloodstained altar of Trog.
  6234 | D:8      | Noticed Maurice
  6249 | D:7      | Gained mutation: You have sharp toenails. [potion of mutation]
  6249 | D:7      | Gained mutation: You have an increased reservoir of magic. (+10% MP) [potion of mutation]
  6251 | D:7      | Killed Maurice
  6251 | D:7      | Reached skill level 5 in Fighting
  6251 | D:7      | Reached skill level 5 in Short Blades
  6251 | D:7      | Reached skill level 5 in Long Blades
  6251 | D:7      | Reached skill level 5 in Axes
  6251 | D:7      | Reached skill level 5 in Maces & Flails
  6251 | D:7      | Reached skill level 5 in Polearms
  6251 | D:7      | Reached skill level 5 in Staves
  6251 | D:7      | Reached skill level 5 in Slings
  6251 | D:7      | Reached skill level 5 in Bows
  6251 | D:7      | Reached skill level 5 in Crossbows
  6251 | D:7      | Reached skill level 5 in Throwing
  6251 | D:7      | Reached skill level 5 in Armour
  6251 | D:7      | Reached skill level 5 in Shields
  6251 | D:7      | Reached skill level 5 in Unarmed Combat
  6251 | D:7      | Reached skill level 5 in Evocations
  6555 | D:7      | Learned a level 2 spell: Throw Flame
  6562 | D:7      | Learned a level 5 spell: Fireball
  6643 | D:8      | Noticed Joseph
  6660 | D:8      | Killed Joseph
  6660 | D:8      | Reached ***** piety under Okawaru
  6982 | D:8      | Noticed Grum
  7107 | D:8      | Killed Grum
  7347 | D:8      | Reached skill level 5 in Conjurations
  7421 | D:8      | Found a deep blue altar of Sif Muna.
  7684 | D:9      | Received a gift from Okawaru
  7696 | D:9      | Got a smoking hat {god gift}
  7703 | D:9      | Identified the +0 hat of the Pits of Slime {rN+} (Okawaru gifted it to you on level 9 of the Dungeon)
  7712 | D:9      | Found a blossoming altar of Fedhas.
  7717 | D:9      | Noticed Prince Ribbit
  7785 | D:9      | Killed Prince Ribbit
  7790 | D:9      | Reached XP level 11. HP: 77/81 MP: 1/24
  7932 | D:9      | Found a staircase to the Lair.
  7989 | D:9      | Found a shattered altar of Ashenzari.
  8287 | D:9      | Noticed a two-headed ogre
  8301 | D:9      | Killed a two-headed ogre
  8301 | D:9      | Reached skill level 5 in Hexes
  8301 | D:9      | Reached skill level 5 in Charms
  8301 | D:9      | Reached skill level 5 in Summonings
  8301 | D:9      | Reached skill level 5 in Necromancy
  8301 | D:9      | Reached skill level 5 in Translocations
  8301 | D:9      | Reached skill level 5 in Transmutations
  8301 | D:9      | Reached skill level 5 in Ice Magic
  8301 | D:9      | Reached skill level 5 in Air Magic
  8301 | D:9      | Reached skill level 5 in Earth Magic
  8301 | D:9      | Reached skill level 5 in Poison Magic
  8341 | D:9      | Found a stormy altar of Qazlal.
  8341 | D:9      | Found a transporter.
  8528 | D:9      | Found a burning altar of Makhleb.
  8700 | D:9      | Found a snail-covered altar of Cheibriados.
  8737 | D:10     | Entered Level 10 of the Dungeon
  9019 | D:10     | Found a portal to a secret trove of treasure.
  9120 | D:10     | Noticed an unseen horror
  9136 | D:10     | Killed an unseen horror
  9365 | D:10     | Found Jekkuogg's Book Shop.
  9473 | D:11     | Noticed Snorg
  9562 | D:11     | Noticed Psyche
  9612 | D:11     | Killed Psyche
  9612 | D:11     | Received a gift from Okawaru
  9817 | D:11     | Killed Snorg
 10155 | D:11     | Noticed a cyclops
 10315 | D:11     | Reached XP level 12. HP: 89/89 MP: 9/26
 11281 | D:12     | Slain by a cyclops

Skill      XL: |  1  2  3  4  5  6  7  8  9 10 11 12 |
---------------+-------------------------------------+-----
Conjurations   | 2 3 4 5 6 |  6.3
Spellcasting   | 5 6 7 8 |  8.8
Invocations    | 1 2 3 4 5 6 7 |  7.7
Fighting       | 1 2 3 4 5 6 7 |  7.1
Short Blades   | 1 2 3 4 5 6 7 |  7.1
Long Blades    | 1 2 3 4 5 6 7 |  7.1
Axes           | 1 2 3 4 5 6 7 |  7.1
Maces & Flails | 1 2 3 4 5 6 7 |  7.1
Polearms       | 1 2 3 4 5 6 7 |  7.1
Staves         | 1 2 3 4 5 6 7 |  7.1
Slings         | 1 2 3 4 5 6 7 |  7.1
Bows           | 1 2 3 4 5 6 7 |  7.1
Crossbows      | 1 2 3 4 5 6 7 |  7.1
Throwing       | 1 2 3 4 5 6 7 |  7.1
Armour         | 1 2 3 4 5 6 7 |  7.1
Shields        | 1 2 3 4 5 6 7 |  7.1
Unarmed Combat | 1 2 3 4 5 6 7 |  7.1
Evocations     | 1 2 3 4 5 6 7 |  7.1
Hexes          | 1 2 3 4 5 |  5.9
Charms         | 1 2 3 4 5 |  5.9
Summonings     | 1 2 3 4 5 |  5.9
Necromancy     | 1 2 3 4 5 |  5.9
Translocations | 1 2 3 4 5 |  5.9
Transmutations | 1 2 3 4 5 |  5.9
Ice Magic      | 1 2 3 4 5 |  5.9
Air Magic      | 1 2 3 4 5 |  5.9
Earth Magic    | 1 2 3 4 5 |  5.9
Poison Magic   | 1 2 3 4 5 |  5.9
Dodging        | 5 6 7 8 |  8.5
Stealth        | 5 6 7 8 |  8.3
Fire Magic     | 6 7 8 |  8.1

Action                   |  1- 3 |  4- 6 |  7- 9 | 10-12 || total
-------------------------+-------+-------+-------+-------++-------
Melee: Unarmed           |    27 |     2 |       |     5 ||    34
       Bite              |     5 |     5 |    16 |    19 ||    45
       Mace              |       |    33 |    46 |       ||    79
       Staff             |       |       |    33 |       ||    33
       Quarterstaff      |       |       |   106 |   198 ||   304
 Cast: Flame Tongue      |    65 |    41 |   135 |   149 ||   390
       Sticky Flame      |       |     3 |    30 |    83 ||   116
       Fireball          |       |       |       |    28 ||    28
       Conjure Flame     |       |       |       |     1 ||     1
Invok: Heroism           |       |       |       |     1 ||     1
Evoke: Wand              |       |       |     2 |       ||     2
  Use: Potion            |       |       |     2 |     4 ||     6
       Scroll            |       |       |     1 |     8 ||     9
 Stab: Sleeping          |       |     2 |    10 |     8 ||    20
  Eat: Chunk             |     2 |     2 |    11 |    24 ||    39
       Ration            |       |       |     1 |     3 ||     4
Armor: Robe              |    13 |    20 |    52 |    91 ||   176
       Skin              |       |       |       |    47 ||    47
Dodge: Dodged            |    41 |    95 |   205 |   397 ||   738
